[Event "*** Titled Tuesday Blitz"]
[Site "Chess.com"]
[Date "2018.04.03"]
[Round "6"]
[White "ckgchess"]
[Black "dolynachess"]
[Result "1-0"]
[WhiteElo "2516"]
[BlackElo "2396"]
[TimeControl "180+2"]
[EndTime "14:20:28 PDT"]
[Termination "ckgchess won by resignation"]

1. e4 d5 2. exd5 Qxd5 3. Nc3 Qd8 4. d4 Nf6 5. Nf3 Bg4 6. h3 Bxf3 7. Qxf3 c6 8. Be3 e6 9. O-O-O Bb4 10. Bg5 Nbd7 11. Ne4 Be7 12. Nxf6+ Bxf6 13. Be3 Bg5 14. Kb1 Qf6 15. Qg3 Bxe3 16. fxe3 O-O-O 17. Bd3 g6 18. Rhf1 Qe7 19. e4 f5 20. Rde1 Qg7 21. exf5 exf5 22. Bxf5 Qxd4 23. Rd1 Qb6 24. Bxd7+ Rxd7 25. Qg4 Rd8 26. Rf7 h5 27. Qxd7+ Rxd7 28. Rfxd7 Qf2 29. R7d2 Qf6 30. a3 a5 31. Re2 Kc7 32. Rde1 Kb6 33.
Re6 Qg5 34. R1e2 Qf5 35. a4 h4 36. b3 g5 37. R6e4 Kc7 38. Re7+ Kd6 39. R7e3 Kc7 40.
Re5 Qf4 41. Ka2 Kd6 42. Rxa5 b5 43. axb5 Qb4 44. Ra4 Qxb5 45. Rd2+ Kc7 46. Rad4 Qc5 47.
Kb2 Kb6 48. R4d3 Qe5+ 49. Ka2 Kb5 50. Rd4 c5 51. Rg4 Qf5 52. Kb2 Qe5+ 53. Ka2 Qf5 54. Kb1 Qf1+ 55. Kb2 Qf5 56. Rd5 Qxd5 57. c4+ Kc6 58.
cxd5+ Kxd5 59. Rxg5+ 1-0

[Event "*** Titled Tuesday Blitz"]
[Site "Chess.com"]
[Date "2018.04.03"]
[Round "6"]
[White "Vincent_Vega95"]
[Black "Sanan_Sjugirov"]
[Result "1-0"]
[WhiteElo "2548"]
[BlackElo "2822"]
[TimeControl "180+2"]
[EndTime "14:20:32 PDT"]
[Termination "Vincent_Vega95 won by resignation"]

1. Nf3 c5 2. c4 Nc6 3. d4 cxd4 4.
Nxd4 Nf6 5. Nc3 e6 6. Bf4 Nh5 7.
Be3 Be7 8. g3 O-O 9. Bg2 Ne5 10.
b3 Ng4 11. Bd2 Qb6 12. e3 Nhf6 13. h3 Ne5 14. O-O d6 15. Qe2 Bd7 16. Rfd1 a6 17.
Rac1 Rac8 18. g4 h6 19. Kh1 Ng6 20. Kg1 Rfd8 21. Na4 Qc7 22. f4 e5 23. Nf5 Bxf5 24. gxf5 Nh4 25. e4 Nxg2 26. Kxg2 Kh8 27. Kh2 Rg8 28. Rg1 Qb8 29. Nc3 b5 30. Nd5 Nxd5 31.
cxd5 Bf6 32. Qd3 Rge8 33. Kg2 Qa7 34. Rc6 Qe7 35. Rgc1 Rcd8 36. Rc7 Rd7 37. Rxd7 Qxd7 38. Rc6 Qe7 39. Kf3 exf4 40. Bxf4 Be5 41. Bxe5 Qxe5 42. Qe2 g6 43. Qe3 g5 44. Qc3 Qxc3+ 45. Rxc3 Kg7 46. Rc6 Rd8 47. e5 dxe5 48. f6+ Kg6 49.
Ke4 h5 50. Kxe5 g4 51. hxg4 hxg4 52. d6 Kg5 53. Rc7 Re8+ 54. Re7 Rf8 55. d7 g3 56. Re8 g2 57. Rxf8 1-0

[Event "*** Titled Tuesday Blitz"]
[Site "Chess.com"]
[Date "2018.04.03"]
[Round "6"]
[White "OparinGrigoriy"]
[Black "FMJoseHerrera"]
[Result "1-0"]
[WhiteElo "2826"]
[BlackElo "2491"]
[TimeControl "180+2"]
[EndTime "14:20:33 PDT"]
[Termination "OparinGrigoriy won by resignation"]

1. e4 c5 2. Nf3 e6 3. Nc3 a6 4. d4 cxd4 5. Nxd4 Qc7 6. Be3 b5 7. Qf3 Bb7 8. a3 Nf6 9. Bd3 d6 10. Qg3 Nbd7 11. f3 Ne5 12. O-O h5 13. Qf2 h4 14. h3 Be7 15. f4 Nc4 16. Bc1 Nh5 17.
Nce2 d5 18. e5 Bc5 19. b3 Ng3 20. Rd1 Nb6 21. Nxg3 hxg3 22. Qe3 g6 23. b4 Be7 24. Qxg3 Nc4 25. Qf2 Bh4 26. Qe2 Qb6 27. c3 Rc8 28. a4 a5 29. bxa5 Qxa5 30. Nxb5 Kf8 31. Kh2 Kg7 32.
Qg4 Be7 33. Bxc4 Rxc4 34. Nd6 Rh4 35. Qe2 Rc7 36. Bd2 Ba6 37. c4 Qc5 38. Nb5 Rc8 39.
cxd5 Qxd5 40. Be1 Qb3 41. Bxh4 Bxh4 42. Qg4 Be7 43. Nd6 Rc2 44. Rdc1 Rd2 45. Rc7 Bxd6 46. exd6 Bb7 47. Rxb7 Qxb7 48. Rd1 f5 49. Rxd2 fxg4 50.
d7 Qb4 51. d8=Q Qxf4+ 52. Kg1 Qe3+ 53. Kf1 Qf4+ 54. Ke2 Qe4+ 55. Kf2 Qf4+ 56. Ke1 Qe4+ 57. Re2 Qb1+ 58. Qd1 Qb4+ 59. Qd2 Qxa4 60. hxg4 Qxg4 61. Qc3+ Kh6 62. Qh3+ Qxh3 63. gxh3 1-0

[Event "*** Titled Tuesday Blitz"]
[Site "Chess.com"]
[Date "2018.04.03"]
[Round "6"]
[White "WinnerOleg"]
[Black "guillembaches"]
[Result "1-0"]
[WhiteElo "2346"]
[BlackElo "2223"]
[TimeControl "180+2"]
[EndTime "14:20:35 PDT"]
[Termination "WinnerOleg won on time"]

1. b3 e5 2. Bb2 d6 3. e3 Nf6 4. Be2 g6 5. c4 Bg7 6. Nf3 O-O 7.
O-O e4 8. Ne1 h5 9. f3 Bf5 10.
fxe4 Bxe4 11. d3 Bc6 12. e4 Nbd7 13. Nc3 Ng4 14. Bxg4 hxg4 15. Qxg4 Ne5 16. Qe2 Qh4 17. Nf3 Qh6 18. Nd5 Bxd5 19. cxd5 Rae8 20. Nxe5 Bxe5 21. Bxe5 Rxe5 22. Rac1 Re7 23. Qf2 b6 24. Qf4 Qg7 25. Qf6 Rfe8 26. Qxg7+ Kxg7 27. b4 a6 28. a4 Rb8 29.
Rc6 Kf8 30. Rfc1 Rb7 31. Kf2 Ke8 32. Ke3 Kd7 33. R1c2 Re8 34. a5 Ra8 35. axb6 cxb6 36. Rf2 Ke7 37. Ra2 a5 38. b5 Kd7 39. g3 a4 40. Ra3 Ra5 41. Rc4 Rba7 42. h4 f6 43. Rb4 Ra8 44. Kd4 R5a7 45. Rc4 Ra5 46. Rb4 R5a7 47.
Kc3 Ra5 48. Kb2 Kc7 49. Rc3+ Kd7 50. Ka3 R5a7 51. Rc6 Rb8 52. Rcc4 Ra5 53. Rxa4 Rxb5 54. Ra7+ Kd8 55. Rc6 Rc5 56. Rxd6+ Ke8 57. Rxf6 Rc3+ 58. Kb4 Rxd3 59. Rxg6 1-0

[Event "*** Titled Tuesday Blitz"]
[Site "Chess.com"]
[Date "2018.04.03"]
[Round "6"]
[White "Tramontanaaa"]
[Black "denizozen"]
[Result "0-1"]
[WhiteElo "2384"]
[BlackElo "2638"]
[TimeControl "180+2"]
[EndTime "14:20:37 PDT"]
[Termination "denizozen won by resignation"]

1. e4 e6 2. d4 d5 3. e5 c5 4. c3 Nc6 5. Be3 Qb6 6. Qd2 Nh6 7. Bd3 Bd7 8. Nf3 Ng4 9. O-O cxd4 10. cxd4 Be7 11.
Nc3 Nxe3 12. fxe3 O-O 13. Kh1 f5 14. exf6 Bxf6 15. Rae1 Rad8 16. Bb1 Be8 17. Na4 Qc7 18. Nc5 Bf7 19. b4 e5 20. dxe5 Nxe5 21. Nd4 Rfe8 22. Nf5 Nc4 23. Qf2 Bc3 24. Rd1 Bg6 25. a3 Nxa3 26. Ba2 Bxb4 27. Rxd5 Rxd5 28. Bxd5+ Kh8 29.
Ne6 Qf7 30. e4 Rxe6 31. Qxa7 Bxf5 32. Bxe6 Qxe6 33. exf5 Qc4 34. Qb8+ Qg8 35. Qxb7 Bf8 36. Rc1 Nc4 37. Qc7 Nd6 38. Qd7 Qd5 39. Rf1 Kg8 40.
Qe6+ Qxe6 41. fxe6 Be7 42. Kg1 Bf6 43. Kf2 Kf8 44.
Re1 Ke7 45. Kf3 Nf5 46. Kf4 Nd4 47. g4 Nxe6+ 48. Kf5 g6+ 49. Ke4 Kf7 50. Kf3 Be7 51. Kg3 Bd6+ 52. Kg2 Kf6 53. Rf1+ Kg5 54. Rf7 h6 55. Rd7 Be5 56. h3 Nf4+ 57. Kf3 Nxh3 58. Rd5 Kf6 59. Ra5 Ng5+ 60. Kg2 Ne6 61. Kf3 Bc7 62. Ra6 Kf7 63. Ke4 Bg3 64. Kd5 Nc7+ 0-1

[Event "*** Titled Tuesday Blitz"]
[Site "Chess.com"]
[Date "2018.04.03"]
[Round "6"]
[White "GM_dmitrij"]
[Black "TregubovP"]
[Result "1-0"]
[WhiteElo "2702"]
[BlackElo "2535"]
[TimeControl "180+2"]
[EndTime "14:20:40 PDT"]
[Termination "GM_dmitrij won by resignation"]

1. e4 c5 2. Nf3 e6 3. d4 cxd4 4.
Nxd4 Nc6 5. Nc3 Nf6 6. Nxc6 bxc6 7. e5 Nd5 8. Ne4 Qc7 9. f4 Qb6 10. c4 Bb4+ 11. Ke2 f5 12. exf6 Nxf6 13. Be3 Qd8 14.
Nd6+ Bxd6 15. Qxd6 Bb7 16. c5 Ba6+ 17. Ke1 Bxf1 18.
Kxf1 Qb8 19. Qd2 Qb5+ 20. Kg1 O-O 21. g3 Rab8 22. Bd4 Qb4 23. Qxb4 Rxb4 24. Rd1 Rc4 25. Kg2 Rc2+ 26. Kf3 Nd5 27. Rc1 Rd2 28. Rcd1 Rc2 29. Rc1 Rd2 30. Rcd1 Rc2 31. h4 Rb8 32. Rc1 Rd2 33.
Rhd1 Rh2 34. Rd3 Rb4 35. a3 Rb5 36. Rc4 h5 37. a4 Rb8 38. b3 Kf7 39. Bf2 Rh1 40.
b4 Rxb4 41. Rxb4 Nxb4 42. Rxd7+ Ke8 43. Rxg7 a5 44. Ra7 Nd3 45. Bd4 Rc1 46. Rxa5 Rc4 47. Ke4 Nf2+ 48. Ke5 Ng4+ 49. Kxe6 Rxd4 50. Ra8+ Rd8 51.
Rxd8+ Kxd8 52. f5 Ne3 53. f6 Ke8 54. a5 Nd5 55. Kd6 Nb4 56. Ke6 Kf8 57. Kf5 Kf7 58. Kg5 Na6 59. Kxh5 Kxf6 60. Kh6 Nxc5 61. g4 Kf7 62.
Kh7 Nd7 63. a6 c5 64. a7 Nb6 65. g5 c4 66. g6+ Kf6 67. g7 c3 68. g8=Q 1-0

[Event "*** Titled Tuesday Blitz"]
[Site "Chess.com"]
[Date "2018.04.03"]
[Round "6"]
[White "kjzsdu"]
[Black "pulvettd"]
[Result "1/2-1/2"]
[WhiteElo "2447"]
[BlackElo "2439"]
[TimeControl "180+2"]
[EndTime "14:20:50 PDT"]
[Termination "Game drawn by repetition"]

1. e4 c5 2. Nf3 d6 3. d4 cxd4 4. Nxd4 Nf6 5. Bd3 Nc6 6. Nb3 g6 7. O-O Bg7 8. Kh1 O-O 9. f4 a5 10. a4 Bg4 11. Qe1 Be6 12. N1d2 Rc8 13. c3 Bxb3 14.
Nxb3 Qb6 15. Ra3 Nd7 16. Bb5 Qc7 17. Be3 b6 18. Nd2 Rb8 19. Bg1 Na7 20. Bd3 Nc5 21.
Bc2 Rfc8 22. f5 Nc6 23. fxg6 hxg6 24. Qf2 e6 25. Qh4 Ne5 26. c4 Qd8 27. Qe1 Ncd7 28. Qe2 Qc7 29. b3 Nc5 30. Nf3 Nc6 31. Ng5 Rf8 32.
Qg4 f6 33. Nxe6 Qd7 34. Bxc5 bxc5 35. Qh3 Rfe8 36. Nf4 Qxh3 37. Nxh3 Nd4 38. Bd1 Rxe4 39. Nf4 Kf7 40. Nd5 Rbe8 41. Kg1 f5 42. Ra2 Re1 43. g3 Bh6 44. Kg2 R8e5 45. Raf2 Rxf1 46. Kxf1 Be3 47. Rb2 g5 48. Kg2 f4 49. Bh5+ Kg7 50.
gxf4 gxf4 51. Bg4 Rg5 52. h3 f3+ 53. Kf1 Bc1 54. Rb1 Ba3 55. Re1 Re5 56. Re3 Bc1 57. Rc3 Bd2 58. Rd3 Re1+ 59. Kf2 Re2+ 60. Kf1 Re1+ 61. Kf2 Re2+ 62. Kf1 Re1+ 63. Kf2 1/2-1/2

[Event "*** Titled Tuesday Blitz"]
[Site "Chess.com"]
[Date "2018.04.03"]
[Round "6"]
[White "Danny_The_Donkey"]
[Black "murmah2003"]
[Result "1/2-1/2"]
[WhiteElo "2653"]
[BlackElo "2445"]
[TimeControl "180+2"]
[EndTime "14:20:53 PDT"]
[Termination "Game drawn by agreement"]

1. e4 Nf6 2. e5 Nd5 3. d4 d6 4. Nf3 Bg4 5. Be2 e6 6. O-O Be7 7. c4 Nb6 8. Nc3 a6 9. Be3 d5 10. b3 O-O 11. h3 Bh5 12. Rc1 Nc6 13. Qd2 Qd7 14. c5 Nc8 15. a3 Bxf3 16. gxf3 f5 17. Kh2 Bh4 18. f4 N8e7 19. Rg1 Kh8 20. b4 g5 21. fxg5 f4 22. Bxf4 Bxf2 23. Rg2 Bxd4 24. b5 Rxf4 25. bxc6 Nxc6 26. Bg4 Bxe5 27. Kh1 Raf8 28. Rcg1 Qg7 29. Ne2 Rf2 30. Bxe6 Rxg2 31. Rxg2 Ne7 32. Ng1 c6 33. Qd3 Ng6 34. Ne2 Rf1+ 35.
Rg1 Rf2 36. Rg2 Rf1+ 37. Rg1 Rf8 38. Rg2 Bc7 39. Bf5 Nh4 40. Rf2 Qxg5 41. Qd4+ Qf6 42.
Bg4 Qxd4 43. Rxf8+ Kg7 44. Nxd4 Kxf8 45. Ne6+ Ke7 46.
Nxc7 Ng6 47. Ne6 Ne5 48. Nf4 Nc4 49. a4 Nb2 50. Bc8 Nxa4 51. Nd3 Kd8 52. Bxb7 Kc7 53. Bxa6 Kb8 54. Ne5 Nxc5 55. Bd3 Kc7 56. Bxh7 Kd6 57. Nd3 Ne6 58. Kg2 c5 59. Bf5 c4 60. Bxe6 cxd3 61. Bg4 Ke5 62. Kf2 Kf6 63. Ke3 Kg7 64. Kxd3 Kh8 65. Kd4 Kg7 66. Kxd5 Kh8 1/2-1/2

[Event "*** Titled Tuesday Blitz"]
[Site "Chess.com"]
[Date "2018.04.03"]
[Round "6"]
[White "nOcHeaTiNgKiD"]
[Black "ajkom197"]
[Result "1-0"]
[WhiteElo "2384"]
[BlackElo "2400"]
[TimeControl "180+2"]
[EndTime "14:20:54 PDT"]
[Termination "nOcHeaTiNgKiD won by resignation"]

1. Nf3 d5 2. e3 Nf6 3. c4 c6 4. Nc3 Bg4 5. h3 Bxf3 6. Qxf3 e6 7. b3 Nbd7 8. Bb2 Be7 9. d4 O-O 10. Bd3 a6 11. O-O b5 12. Rad1 Qa5 13. e4 dxe4 14.
Bxe4 Nxe4 15. Qxe4 Nf6 16. Qe2 Bb4 17. Qc2 Rfd8 18.
a3 Bxc3 19. Qxc3 Qxc3 20. Bxc3 Ne4 21. Ba5 Rd7 22. Rfe1 Nf6 23. Re5 Rb8 24. Rc5 bxc4 25. bxc4 Rc8 26. f3 Kf8 27. Kf2 Ke8 28. g4 h6 29. Ke3 Rb7 30. Bb4 Nd7 31. Ra5 Ra8 32. h4 Nb6 33. Rc1 Kd7 34. h5 Nc8 35. d5 cxd5 36.
cxd5 Rb5 37. dxe6+ Kxe6 38. Rc6+ Kd5 39. Rcxa6 Rxa5 40. Rxa5+ Rxa5 41. Bxa5 Nd6 42. Bb4 Nc4+ 43. Kf4 Ke6 44. Bf8 Kf6 45. Bc5 g5+ 46. Ke4 Ke6 47.
Bf8 f6 48. a4 Kf7 49. Bc5 Ke6 50. Bb4 Nb6 51. a5 Nd5 52. Bd2 Nc7 53. Bb4 Na6 54. Bf8 Kf7 55. Bxh6 Nb8 56. Bxg5 fxg5 57. Kf5 Kg7 58.
Kxg5 Na6 59. h6+ Kh7 60. Kh5 Nc5 61. g5 Ne6 62. g6+ Kg8 63. a6 Nc7 64. a7 Kf8 65. f4 Ke7 66. h7 Kd6 67. h8=Q Kc6 68.
a8=Q+ Kc5 69. Qe5+ Kc4 70. Qxc7+ Kd3 71. Qa3+ 1-0

[Event "*** Titled Tuesday Blitz"]
[Site "Chess.com"]
[Date "2018.04.03"]
[Round "6"]
[White "amatatanav"]
[Black "dianosky"]
[Result "1/2-1/2"]
[WhiteElo "2419"]
[BlackElo "2285"]
[TimeControl "180+2"]
[EndTime "14:20:57 PDT"]
[Termination "Game drawn by stalemate"]

1. e4 c5 2. Ne2 e5 3. Nbc3 Nf6 4. Ng3 g6 5. Bc4 Bg7 6. O-O d6 7. d3 Be6 8. f4 Nc6 9. Bb5 exf4 10. Bxf4 h6 11. e5 dxe5 12. Bxe5 O-O 13. Bxc6 bxc6 14. Qf3 Ng4 15. Bxg7 Kxg7 16. Nge4 Qd4+ 17. Kh1 f5 18. Nf2 Bd5 19. Nxd5 Nxf2+ 20. Qxf2 Qxf2 21. Rxf2 cxd5 22. Re1 Rae8 23. Rfe2 Kf7 24. Kg1 Rxe2 25.
Rxe2 Re8 26. Kf2 Rxe2+ 27. Kxe2 a5 28. c3 Ke6 29. b3 d4 30. cxd4 cxd4 31. a3 Kd5 32.
Kf3 g5 33. g3 Ke5 34. Ke2 h5 35. h4 g4 36. Kd2 f4 37. gxf4+ Kxf4 38. Ke2 Kg3 39.
b4 axb4 40. axb4 Kh2 41. b5 g3 42. b6 g2 43. b7 g1=Q 44. b8=Q+ Qg3 45. Qd8 Qe3+ 46.
Kd1 Qxd3+ 47. Kc1 Qe3+ 48. Kd1 d3 49. Qd6+ Qg3 50. Qf6 Qg4+ 51. Kd2 Qe2+ 52. Kc3 d2 53. Qf4+ Kh3 54. Qxd2 Qxd2+ 55. Kxd2 Kxh4 56. Ke1 Kg3 57. Kf1 Kh2 58. Kf2 h4 59. Kf1 h3 60. Kf2 Kh1 61. Kf1 h2 62. Kf2 1/2-1/2

[Event "*** Titled Tuesday Blitz"]
[Site "Chess.com"]
[Date "2018.04.03"]
[Round "6"]
[White "matiss90"]
[Black "Blitzstream"]
[Result "0-1"]
[WhiteElo "2354"]
[BlackElo "2451"]
[TimeControl "180+2"]
[EndTime "14:21:00 PDT"]
[Termination "Blitzstream won by resignation"]

1. e4 d5 2. exd5 Qxd5 3. Nc3 Qa5 4. d4 Nf6 5. Nf3 c6 6. Bc4 Bf5 7. Ne5 e6 8. O-O Nbd7 9. Bf4 Nxe5 10. Bxe5 Bb4 11. Qf3 Bxc3 12. bxc3 Ne4 13. Rfe1 Qxc3 14. Bd3 Ng5 15. Qg3 Bxd3 16. Qxg5 Bg6 17. d5 Qa3 18.
Bxg7 Rg8 19. d6 Qxd6 20. Rad1 Qxd1 21. Rxd1 Rxg7 22. Qf6 Rg8 23. Rd2 a5 24. f3 a4 25. a3 h5 26. h4 Bf5 27. Kf2 Bg6 28.
c4 Rb8 29. c5 Ra8 30. Rd6 Rb8 31. g4 Ra8 32. Kg3 Bf5 33. g5 Rb8 34. Kf4 Ra8 35. Ke5 Rb8 36. Kd4 Ra8 37. Kc3 Rb8 38. Kb4 Ra8 39. f4 Be4 40. Qe5 Bf5 41. Qf6 Bg6 42. Rd4 Bf5 43. Rd6 Bg6 44. Kc3 Bf5 45. Kd4 Bg6 46. Ke5 Bf5 47. Rd4 Bg6 48. Rd2 Bf5 49. Qh6 Bg6 50. Kf6 Rd8 51. Rxd8+ Kxd8 52. f5 exf5 53.
Ke5 Kc7 54. Kf4 b6 55. cxb6+ Kxb6 56. Ke5 Kb5 57. Kd4 c5+ 58. Kc3 f4 59. Kd2 Kc4 60. Ke2 Kb3 61. Kf3 c4 62. Kxf4 c3 63. Ke5 c2 64.
Kd4 c1=Q 0-1

[Event "*** Titled Tuesday Blitz"]
[Site "Chess.com"]
[Date "2018.04.03"]
[Round "6"]
[White "VerdeNotte"]
[Black "Konavets"]
[Result "0-1"]
[WhiteElo "2650"]
[BlackElo "2773"]
[TimeControl "180+2"]
[EndTime "14:21:01 PDT"]
[Termination "Konavets won by resignation"]

1. b3 a5 2. e4 a4 3. bxa4 e6 4. d4 d5 5. e5 Bd7 6. Nf3 Bxa4 7. Nc3 Bb4 8. Bd2 Bxc3 9. Bxc3 Ne7 10. Bd3 b6 11. Ng5 Ng6 12. Qh5 Qe7 13. Nxh7 Kd8 14.
Bd2 Kc8 15. Bxg6 fxg6 16. Qxg6 Be8 17. Qd3 Ra3 18. c3 Nc6 19. Ng5 Na7 20. Rb1 Rxa2 21. O-O Kb7 22. Be3 Rh6 23. Qd1 Nb5 24. Qc1 Rh5 25. Nf3 Qa3 26. Bd2 Rf5 27. Qxa3 Rxa3 28.
Rfc1 Ra2 29. Ra1 Rb2 30. Be3 Rb3 31. Bd2 Bh5 32. Nh4 Rf8 33. f3 Rb2 34. Be1 g5 35. Rab1 Rxb1 36. Rxb1 Na3 37. Rb3 Nc2 38. Bf2 gxh4 39.
Bxh4 Ne3 40. Bg5 Nc4 41. Bf6 Ra8 42. Rb1 Ra2 43. Re1 c5 44. g4 Bg6 45. dxc5 Nd2 46.
c6+ Kxc6 47. Re3 d4 48. cxd4 Kd5 49. Kf2 Kxd4 50. Re2 Bd3 51. Re1 b5 52. Kg3 b4 53.
h4 b3 54. h5 b2 55. g5 b1=Q 56. Rxb1 Bxb1 57. g6 Nf1+ 58. Kf4 Rg2 59. Bd8 Bxg6 60. hxg6 Rxg6 61. Bb6+ Kd5 62. Bd8 Nd2 63. Bf6 Nc4 64.
Bh8 Nb6 65. Bf6 Nd7 66. Bh8 Rg8 67. Bf6 Nf8 68. Bg7 Rxg7 0-1

[Event "*** Titled Tuesday Blitz"]
[Site "Chess.com"]
[Date "2018.04.03"]
[Round "6"]
[White "kasparik_garik"]
[Black "GameOverBro"]
[Result "1/2-1/2"]
[WhiteElo "2515"]
[BlackElo "2407"]
[TimeControl "180+2"]
[EndTime "14:21:26 PDT"]
[Termination "Game drawn by repetition"]

1. Nf3 d6 2. g3 Nf6 3. Bg2 e5 4. O-O Nbd7 5. c4 Be7 6. Nc3 O-O 7.
d3 c6 8. e4 a6 9. a4 a5 10.
Ne1 Nc5 11. f4 b6 12. Nf3 Qc7 13. h3 Bb7 14. Kh2 Rad8 15. Be3 h6 16. Qe2 Nfd7 17. Rad1 Rfe8 18. h4 Nf6 19. Bh3 Bc8 20. f5 d5 21.
cxd5 cxd5 22. Bxc5 Bxc5 23. g4 dxe4 24. dxe4 h5 25. g5 Ng4+ 26. Bxg4 hxg4 27. Nd2 Rd4 28. Qxg4 Red8 29. Nf3 Rxd1 30. Rxd1 Rxd1 31. Nxd1 Qd6 32. Nc3 Qd3 33. g6 fxg6 34. Qg3 gxf5 35. Nxe5 Qd2+ 36. Qg2 Qf4+ 37. Qg3 Qd2+ 38. Qg2 Qf4+ 39. Qg3 Be3 40. Nc4 Bg1+ 41. Kg2 Qxg3+ 42. Kxg3 fxe4 43. Nxe4 Be6 44. b3 Bd4 45. Kf4 Bd5 46. Ng5 Kf8 47. Ne4 Ke7 48.
Ng3 Kd7 49. Nf5 Bf6 50. Nxb6+ Kc6 51. Nxd5 Kxd5 52. h5 Kc5 53. Ke4 Kb4 54. h6 gxh6 55.
Nxh6 Kxb3 56. Kd3 Kxa4 57. Ng4 Bg7 58. Kc2 Ka3 59. Kb1 a4 60. Ne3 Kb3 61. Nc2 Bb2 62.
Na1+ Kc3 63. Nc2 Kb3 64. Na1+ Kc3 65. Nc2 Kb3 66. Na1+ Ka3 67. Nc2+ Kb3 1/2-1/2

[Event "*** Titled Tuesday Blitz"]
[Site "Chess.com"]
[Date "2018.04.03"]
[Round "6"]
[White "Vice64"]
[Black "biostatistician"]
[Result "0-1"]
[WhiteElo "2364"]
[BlackElo "2453"]
[TimeControl "180+2"]
[EndTime "14:21:32 PDT"]
[Termination "biostatistician won by resignation"]

1. e4 e6 2. d4 d5 3. Nc3 Nf6 4. e5 Nfd7 5. f4 c5 6. Nf3 Nc6 7. Be3 a6 8. dxc5 Bxc5 9. Qd2 b5 10. Rd1 Qb6 11. Bxc5 Nxc5 12. Qf2 b4 13. Ne2 a5 14.
Nc1 Ba6 15. Nb3 Bxf1 16. Rxf1 Nd7 17. Qxb6 Nxb6 18. Nbd4 Rc8 19. b3 Nxd4 20. Nxd4 g6 21. Ra1 a4 22. Rf3 O-O 23. a3 bxa3 24.
Rxa3 axb3 25. cxb3 Rc1+ 26. Kd2 Rfc8 27. Ra6 Nd7 28. Ra7 Nf8 29. g4 Rh1 30. f5 Rxh2+ 31. Kd3 exf5 32. gxf5 Re8 33. e6 fxe6 34. f6 Rb8 35.
Rg7+ Kh8 36. Re7 h5 37. f7 Rb6 38. Ke3 Kg7 39. Re8 Rh4 40. Kd3 Re4 41. Kc3 Rb7 42.
Rc8 e5 43. Nc6 Rxf7 44. Rd3 d4+ 45. Kc4 Re3 46. b4 Rxd3 47. Kxd3 h4 48. Nxe5 Re7 49.
Nc6 Re1 50. b5 Rb1 51. Rc7+ Kf6 52. Nxd4 h3 53. Rc2 g5 54. Rf2+ Kg7 55. Kc2 Rb4 56. Kc3 Rb1 57. Kc2 Re1 58. b6 Ne6 59. Kd2 Re4 60.
Nf5+ Kg6 61. b7 Rb4 62. Nd6 g4 63. Kc3 Rb6 64. Re2 Nf4 65. Re8 g3 66. b8=Q Rxb8 67. Rxb8 h2 68. Rg8+ Kh7 69. Rxg3 h1=Q 70. Kd4 Ne2+ 71.
Ke5 Nxg3 72. Nf7 Qe4+ 73. Kf6 Qf5+ 74. Ke7 Ne4 75. Kf8 Nd6 0-1

[Event "*** Titled Tuesday Blitz"]
[Site "Chess.com"]
[Date "2018.04.03"]
[Round "6"]
[White "Marcus_Harvey"]
[Black "RichardABates"]
[Result "1-0"]
[WhiteElo "2609"]
[BlackElo "2138"]
[TimeControl "180+2"]
[EndTime "14:21:37 PDT"]
[Termination "Marcus_Harvey won by resignation"]

1. e4 c5 2. Nf3 d6 3. g3 Nc6 4. Bg2 g6 5. Qe2 Bg7 6. O-O e5 7. c3 Nge7 8. a4 O-O 9. Na3 h6 10.
Nc4 Be6 11. d3 Qd7 12. Nfd2 d5 13. exd5 Nxd5 14. a5 f5 15. Rd1 Rae8 16. Ne3 Nf6 17. a6 b6 18. Qf3 Rc8 19. Ndc4 Bf7 20. Qe2 Rfe8 21. Qc2 Nd4 22. cxd4 cxd4 23. Nxe5 Rxe5 24. Nc4 Ree8 25. Qd2 Bd5 26. b3 Bxg2 27. Kxg2 Qd5+ 28.
f3 Re6 29. Re1 Rce8 30. Rxe6 Rxe6 31. Qd1 Ng4 32. Ra2 Ne3+ 33. Bxe3 dxe3 34. Re2 Bd4 35.
Qc1 Qc5 36. b4 Qe7 37. b5 g5 38. Nb2 g4 39. Qc8+ Kh7 40. Nc4 gxf3+ 41. Kxf3 Qf7 42. Kg2 f4 43. Qb7 Re7 44. Qf3 fxg3 45. Qxf7+ Rxf7 46. hxg3 Re7 47. Kf3 Rf7+ 48. Ke4 Rf2 49. Re1 Bc5 50.
Nxe3 Rb2 51. d4 Be7 52. Nd5 Bg5 53. Rf1 Kg6 54. Nc3 Rb3 55. Kd3 Rb4 56. Re1 Bf6 57. Re4 Kf5 58. g4+ Kg6 59. Ke3 Rb3 60. Kd2 Rb2+ 61.
Kd3 Rb3 62. Kc4 Rb2 63. Nd5 Rc2+ 64. Kd3 Rb2 65. Nxf6 Kxf6 66. Re5 Rb3+ 67. Ke4 Rg3 68. Kd5 Rxg4 69. Kc6 Rg7 70. Rh5 Rh7 71. d5 Kg6 72.
Rh1 h5 73. d6 h4 74. d7 Rh8 75.
Rxh4 Rxh4 76. d8=Q Rc4+ 77. Kb7 1-0

[Event "*** Titled Tuesday Blitz"]
[Site "Chess.com"]
[Date "2018.04.03"]
[Round "6"]
[White "MFBerna"]
[Black "Al_Shima"]
[Result "0-1"]
[WhiteElo "2277"]
[BlackElo "2279"]
[TimeControl "180+2"]
[EndTime "14:21:45 PDT"]
[Termination "Al_Shima won by resignation"]

1. e4 d5 2. exd5 Nf6 3. Bb5+ Bd7 4. Bc4 Bg4 5. f3 Bc8 6. Nc3 Nbd7 7. Qe2 Nb6 8. Bb5+ Bd7 9. d4 Nfxd5 10. Nxd5 Nxd5 11. Bd2 e6 12. Nh3 Qh4+ 13. Nf2 c6 14. Bd3 Qxd4 15. O-O Nf4 16. Bxf4 Qxf4 17. c3 Bd6 18. g3 Qe5 19. Ne4 Bc7 20. f4 Bb6+ 21. Kg2 Qc7 22. a4 a5 23. b4 O-O 24. Ng5 h6 25. Nf3 c5 26. b5 Rae8 27. Ne5 Ba7 28. Rad1 Bc8 29.
Qe4 f5 30. Qe2 b6 31. Kg1 Bb7 32. Bc4 Bb8 33. Rd7 Qc8 34. Rfd1 Be4 35. Qa2 Rf6 36. Qb3 Bxe5 37. fxe5 Rg6 38. R1d6 Kh8 39. Qd1 Kh7 40. Qh5 f4 41. Qh4 Rf8 42. Rd8 Rxd8 43. Rxd8 Qc7 44. Rd6 Qf7 45. Rxb6 Qf5 46. Bxe6 Rxe6 47. Rxe6 Qxe6 48.
Qxf4 Qd5 49. Kf2 c4 50. b6 Qc5+ 51. Qe3 Qxe5 52. Ke2 Bd3+ 53. Kd2 Qd5 54. Qf4 Qg2+ 55. Ke3 Qe2+ 56. Kd4 Qe7 57. Qe5 Qd7+ 58. Qd5 Qg4+ 59. Kc5 Be4 60. Qd4 Qf3 61. Kxc4 Bb7 62. Qd3+ Qxd3+ 63. Kxd3 Kg6 64. Kd4 Kf5 65. Kc5 Ke5 66. Kb5 Kd5 67.
c4+ Kd6 68. c5+ Kd5 69. Kxa5 Kxc5 70. h4 h5 71. g4 hxg4 72. h5 Kc6 73. h6 gxh6 74.
Kb4 Kxb6 0-1

[Event "*** Titled Tuesday Blitz"]
[Site "Chess.com"]
[Date "2018.04.03"]
[Round "6"]
[White "aa175"]
[Black "RandomOracle"]
[Result "1/2-1/2"]
[WhiteElo "1943"]
[BlackElo "2148"]
[TimeControl "180+2"]
[EndTime "14:21:56 PDT"]
[Termination "Game drawn - insufficient material"]

1. e4 c6 2. Nf3 d5 3. exd5 cxd5 4. d4 Nf6 5. Be2 g6 6. O-O Bg7 7. h3 Nc6 8. Re1 O-O 9. c3 Ne4 10. Nbd2 Bf5 11. Nf1 Re8 12. Ng3 Nxg3 13. fxg3 f6 14. Bd3 Bxd3 15. Qxd3 e5 16. dxe5 fxe5 17. Bg5 Qd6 18.
Nd2 h6 19. Ne4 Qe6 20. Nc5 Qf7 21. Rf1 e4 22. Qd2 Qc7 23. Bxh6 Rad8 24. Bxg7 Qxg7 25. Rae1 b6 26. Nb3 Ne5 27. Nd4 Nd3 28. Re2 Rd6 29. Qg5 Qe5 30. Qxe5 Nxe5 31. Rd1 Rf8 32. Nb5 Rdd8 33.
Rf2 Rxf2 34. Kxf2 Nd3+ 35. Ke3 Nxb2 36. Rf1 a6 37. Nd4 Na4 38. Rf6 Nxc3 39. Rxg6+ Kf7 40. Rxb6 a5 41. Rb7+ Kf6 42. Rb6+ Kf7 43. Rb7+ Kf8 44. Ne6+ Ke8 45. Nxd8 Kxd8 46. Kd4 Nxa2 47. Rb5 Nb4 48.
Rxa5 Nc6+ 49. Kxd5 Nxa5 50. Kxe4 Ke7 51. Kf5 Kf7 52. Kg5 Nc6 53. Kh5 Ne5 54. g4 Nd3 55.
g3 Kf6 56. h4 Ne5 57. g5+ Kg7 58. g4 Nd3 59. g6 Nf4+ 60. Kg5 Nxg6 61. h5 Ne5 62.
Kf5 Nf7 63. g5 Nxg5 64. Kxg5 Kh7 65. Kg4 Kh6 66. Kh4 Kh7 67. Kg5 Kg7 68. h6+ Kh7 69.
Kh5 Kh8 70. Kg6 Kg8 71. Kg5 Kh8 72. h7 Kxh7 1/2-1/2

[Event "*** Titled Tuesday Blitz"]
[Site "Chess.com"]
[Date "2018.04.03"]
[Round "6"]
[White "335394862"]
[Black "pedromartinez91"]
[Result "1/2-1/2"]
[WhiteElo "2312"]
[BlackElo "2371"]
[TimeControl "180+2"]
[EndTime "14:22:23 PDT"]
[Termination "Game drawn - insufficient material"]

1. e4 e6 2. d4 d5 3. Nd2 c5 4. exd5 Qxd5 5. dxc5 Qxc5 6. Ngf3 a6 7. Bd3 Nf6 8. Qe2 Be7 9. O-O O-O 10. Nb3 Qc7 11. Ne5 Nbd7 12. Bf4 Bd6 13. Rfe1 Nxe5 14.
Bxe5 Bxe5 15. Qxe5 Qxe5 16. Rxe5 Bd7 17. Re2 Rfd8 18. Rd1 Kf8 19. Red2 Ke7 20. f3 Bc6 21. Kf2 Nd5 22. Be4 f5 23. Bxd5 Bxd5 24. Nd4 g6 25. b3 b5 26. c4 bxc4 27. bxc4 Bb7 28. Rb2 Rd7 29. Rdb1 Ra7 30. Nb3 Rc7 31. c5 Bd5 32. Rc1 Rab7 33. Rc3 a5 34. Rbc2 Bxb3 35. Rxb3 Rxb3 36. axb3 e5 37. f4 Ke6 38. fxe5 Kxe5 39. Ke3 Kd5 40. Ra2 Rxc5 41. Kd3 Rb5 42. Kc3 Rc5+ 43.
Kd3 Rb5 44. Kc3 f4 45. Re2 Rc5+ 46. Kd3 Rc7 47. Ra2 Ra7 48. h4 h6 49. Ra4 g5 50.
hxg5 hxg5 51. Ke2 Ke5 52. g3 fxg3 53. Kf3 Kf6 54. Kxg3 Rb7 55. Rxa5 Rxb3+ 56. Kg4 Rb4+ 57. Kg3 Rf4 58. Rb5 Kg6 59. Rb8 Rf6 60. Rb5 Ra6 61.
Rb8 Ra7 62. Rb6+ Kh5 63. Rb5 Ra3+ 64. Kg2 Kh4 65. Rb4+ g4 66. Rb8 Ra2+ 67. Kg1 Kh3 68.
Rb3+ g3 69. Rb1 Rg2+ 70. Kh1 Rc2 71. Kg1 Rh2 72. Ra1 Rg2+ 73. Kh1 Rc2 74. Kg1 Rc4 75. Rb1 Rf4 76. Ra1 Kg4 77. Rb1 Kh3 78. Ra1 Rf2 79. Rb1 Rg2+ 80. Kh1 Ra2 81. Kg1 Ra4 82. Rc1 Rb4 83.
Ra1 Kg4 84. Rc1 Rb3 85. Ra1 Kf3 86. Rf1+ Ke2 87. Kg2 Rb7 88. Rf6 Rg7 89. Rf3 Re7 90. Rxg3 Re3 91. Rxe3+ Kxe3 1/2-1/2